 Dungeon Crawl Stone Soup version 0.27.0-1-g7a089689b8 (webtiles) character file.

Game seed: 18437124120866553070

126 shoop the Cutter (level 5, -2/32 HPs)
             Began as a Kobold Delver on Aug 10, 2021.
             Slain by a gnoll (6 damage)
             ... on level 4 of the Dungeon.
             The game lasted 00:05:52 (4156 turns).

shoop the Cutter (Kobold Delver)                    Turns: 4156, Time: 00:05:53

Health: -2/32      AC:  3    Str: 10    XL:     5   Next: 32%
Magic:  5/5        EV: 14    Int: 11    God:
Gold:   69         SH:  0    Dex: 17    Spells: 4/4 levels left

rFire    . . .     SeeInvis .   a - +3 short sword
rCold    . . .     Faith    .   (shield restricted)
rNeg     . . .     Spirit   .   v - +0 leather armour
rPois    +         Reflect  .   (no helmet)
rElec    .         Harm     .   (no cloak)
rCorr    .         Rampage  .   (no gloves)
Will     .....                  (no boots)
Stlth    ++++......             (no amulet)
HPRegen  0.10/turn              j - ring of wizardry
MPRegen  0.09/turn              n - ring of poison resistance

@: no status effects
A: small, no large weapons, nightstalker 3
a: no special abilities


You were on level 4 of the Dungeon.
You visited 1 branch of the dungeon, and saw 5 of its levels.

You collected 141 gold pieces.
You spent 72 gold pieces at shops.

Inventory:

Hand Weapons
 a - a +3 short sword (weapon)
 b - a +3 dagger
 s - a +0 short sword
Armour
 h - a +0 kite shield
 v - a +0 leather armour (worn)
Jewellery
 j - a ring of wizardry (left hand)
 m - a ring of wizardry
 n - a ring of poison resistance (right hand)
 w - a ring of resist corrosion
Wands
 g - a wand of digging (3)
Scrolls
 c - a scroll of fog
 d - 2 scrolls of magic mapping
 e - a scroll of fear
 i - 2 scrolls of amnesia {unknown}
 l - 2 scrolls of enchant weapon {unknown}
 o - 2 scrolls of teleportation {unknown}
 p - 2 scrolls of identify {unknown}
 q - a scroll of enchant armour {unknown}
 t - a scroll of silence {unknown}
 u - a scroll of blinking {unknown}
Potions
 f - 3 potions of haste
 k - a potion of invisibility {unknown}
 r - a potion of brilliance {unknown}
 x - 2 potions of curing
 z - a potion of lignification
 A - a potion of flight


   Skills:
 - Level 3.2 Fighting
 + Level 6.8 Short Blades
 - Level 2.4 Dodging
 - Level 6.6 Stealth


You had 4 spell levels left.
You didn't know any spells.
Your spell library contained the following spells:

 Spells                   Type           Power      Damage    Failure   Level
 Beastly Appendage        Tmut           0%         N/A       19%         1
 Wereblood                Tmut           0%         N/A       28%         2
 Conjure Flame            Conj/Fire      0%         6-21      47%         3
 Ignite Poison            Fire/Tmut/Pois 0%         N/A       47%         3
 Spider Form              Tmut/Pois      0%         N/A       47%         3
 Sticky Flame             Conj/Fire      0%         2d3       86%         4


Dungeon Overview and Level Annotations

Branches:
Dungeon (5/15)
 Temple: D:4-7

Altars:
Makhleb
Qazlal

Shops:
D:2 !   D:3 !

Annotations:
D:4 Menkaure


Innate Abilities, Weirdness & Mutations

You are small and have problems with some larger weapons.
You are completely attuned to the shadows.


Message History

The hornet zombie hits you!
* * * LOW HITPOINT WARNING * * *
You climb upwards.
There is a stone staircase leading down here.
There is a stone staircase leading down here.
You start resting.
HP restored.
You climb downwards.
Level annotation: Menkaure
There is a stone staircase leading up here.
Found a war axe.
You see here a +0 war axe.
Found 26 sling bullets. 2 gnolls come into view.
A gnoll comes into view. It is wielding a +0 club.
The gnoll shouts! x3
The gnoll hits you from afar with a +0 spear!
You hit the gnoll.
The gnoll is moderately wounded.
The gnoll completely misses you.
The gnoll hits you from afar with a +0 spear!
You are too injured to fight recklessly!
You are too injured to fight recklessly!
You are too injured to fight recklessly!
a - a +3 short sword (weapon)
You are too injured to fight recklessly!
You are too injured to fight recklessly!
You hit the gnoll.
The gnoll is severely wounded.
The gnoll misses you. The gnoll barely misses you.
You puncture the gnoll!
You kill the gnoll!
The gnoll hits you from afar with a +0 spear!
* * * LOW HITPOINT WARNING * * *
You hit the gnoll.
The gnoll is moderately wounded.
The gnoll hits you with a +0 club.
* * * LOW HITPOINT WARNING * * *
The gnoll hits you from afar with a +0 spear.
You die...

#.#..# #)#
##...## #.#
#####.....# ##.#
#.........###..#
###.(.........##
..
###.........###
...
#...######.##
#... .#.## #.#
##gg# #### #.##
##@# # #..###.##
#.. ##.##.## #.#
#....## .###.#
.....###
..#..### .##...
#....##. ##..#
##...... ##.#
#...... #..#...


You could see 2 gnolls.

Vanquished Creatures
  Terence (D:1)
  A gnoll (D:4)
  An adder (D:2)
  5 orcs (D:3)
  5 bats
  6 endoplasms
  2 giant cockroaches
  9 goblins
  7 hobgoblins
  10 jackals
  3 kobolds
  A quokka (D:1)
  7 ball pythons
  3 frilled lizards
  8 rats
69 creatures vanquished.

Notes
Turn   | Place    | Note
-------+----------+-------------------------------------------
     0 | D:5      | shoop the Kobold Delver began the quest for the Orb.
     0 | D:5      | Reached XP level 1. HP: 14/14 MP: 1/1
   169 | D:2      | Reached XP level 2. HP: 19/19 MP: 2/2
   195 | D:2      | Found Anosump's Distillery.
   581 | D:1      | Reached XP level 3. HP: 17/23 MP: 3/3
  1046 | D:1      | Found a faded altar of an unknown god.
  1518 | D:2      | Noticed Terence
  1543 | D:1      | Killed Terence
  1544 | D:1      | Reached skill level 5 in Short Blades
  1544 | D:1      | Reached XP level 4. HP: 6/28 MP: 4/4
  2876 | D:3      | Reached XP level 5. HP: 24/32 MP: 5/5
  3246 | D:3      | Found Poss's Distillery.
  3256 | D:3      | Bought a potion of lignification for 36 gold pieces
  3256 | D:3      | Bought a potion of flight for 36 gold pieces
  3261 | D:3      | Found a burning altar of Makhleb.
  3580 | D:3      | Found a stormy altar of Qazlal.
  3771 | D:4      | Noticed Menkaure
  3781 | D:4      | HP: 1/32 [hornet zombie (10)]
  4156 | D:4      | Slain by a gnoll

Illustrated notes

Levels and vault maps discovered:
D:1:      kennysheep_arrival_forest, layout_basic,
          shapermc_ecumenical_altar_notcrosses
D:2:      minmay_razor_zed, layout_rooms, serial_shops, nicolae_shop_waterfront,
          uniq_terence
D:3:      layout_basic, mainiacjoe_overflow_divided_tiny, serial_shops, shop,
          hangedman_abyss_or_decor_lesser_grid, chequers_serial_rivers_marsh,
          kennysheep_generic_room_7
D:4:      layout_layer_cave, minmay_checkerbox, uniq_menkaure
D:5:      layout_rooms, lemuel_another_geyser

Skill      XL: |  1  2  3  4 |
---------------+-------------+-----
Short Blades   | 3 4 5 6 |  6.8
Fighting       | |  3.2
Dodging        | |  2.4
Stealth        | |  6.6

Action                   |  1- 3 |  4- 6 || total
-------------------------+-------+-------++-------
Melee: Short sword       |    69 |    78 ||   147
       Dagger            |       |    13 ||    13
  Use: Potion            |     2 |       ||     2
 Stab: Sleeping          |    18 |    15 ||    33
       Distracted        |       |     1 ||     1
Armor: Leather armour    |     6 |    16 ||    22
Dodge: Dodged            |    27 |    44 ||    71
